 Dungeon Crawl Stone Soup version 0.22.0-40-g68aacdc (webtiles) character file.

121 shmeve the Chopper (level 4, 40/41 HPs)
             Began as a Minotaur Berserker on Sept 1, 2018.
             Was a Believer of Trog.
             Quit the game on level 2 of the Dungeon.
             The game lasted 00:03:57 (1661 turns).

shmeve the Chopper (Minotaur Berserker)             Turns: 1661, Time: 00:03:57

Health: 40/41      AC: 11    Str: 23    XL:     4   Next: 76%
Magic:  3/3        EV:  7    Int:  4    God:    Trog [**....]
Gold:   46         SH:  0    Dex:  9    Spells: 3/3 levels left

rFire    . . .     SeeInvis .   a - +0 hand axe
rCold    . . .     Gourm    .   (no shield)
rNeg     . . .     Faith    .   i - +0 plate armour
rPois    .         Spirit   .   (helmet restricted)
rElec    .         Reflect  .   (no cloak)
rCorr    .         Harm     .   (no gloves)
MR       .....                  (no boots)
Stlth    ..........             (no amulet)
HPRegen  0.13/turn              (no ring)
MPRegen  0.08/turn              (no ring)

@: berserk cooldown, slowed, drained, very slow
A: retaliatory headbutt, horns 2
a: Berserk, Trog's Hand, Renounce Religion


You were on level 2 of the Dungeon.
You worshipped Trog.
Trog was pleased with you.
You were not hungry.

You visited 1 branch of the dungeon, and saw 2 of its levels.

You collected 46 gold pieces.

Inventory:

Hand Weapons
 a - a +0 hand axe (weapon)
Missiles
 e - 8 tomahawks (quivered)
Armour
 i - a +0 plate armour (worn)
Wands
 j - a wand of flame (19)
Scrolls
 f - a scroll of remove curse {unknown}
 g - 2 scrolls of teleportation {unknown}
 h - a scroll of enchant armour {unknown}
Potions
 d - a potion of curing {unknown}
Comestibles
 b - 8 chunks of flesh
 c - 3 rations


   Skills:
 * Level 4.5 Fighting
 * Level 4.5(4.4) Axes
 * Level 2.0(1.9) Throwing
 + Level 3.2(3.1) Armour
 + Level 2.9(2.8) Dodging


You had 3 spell levels left.
You didn't know any spells.
Your spell library was empty.

Dungeon Overview and Level Annotations

Branches:
Dungeon (2/15)

Altars:


Innate Abilities, Weirdness & Mutations

You reflexively headbutt those who attack you in melee.
You have a pair of horns on your head.


Message History

You feel yourself moving faster!
You feel mighty!
You feel a lot more hungry. Crazy Yiuf hits you but does no damage.
You hit Crazy Yiuf.
Crazy Yiuf is moderately wounded.
Crazy Yiuf hits you but does no damage.
You feel drained.
You slash Crazy Yiuf! You headbutt Crazy Yiuf!
You kill Crazy Yiuf!
Trog accepts your kill.
Your base Throwing skill increases to level 2!
j - a wand of flame (19)
Things that are here:
a quarterstaff of chaos; a cloak You feel a strong urge to attack something.
You are no longer berserk.
You are exhausted.
You feel yourself slow down.
Things that are here:
a quarterstaff of chaos; a cloak There isn't anything to butcher here.
Are you sure you want to abandon this character and quit the game? (Confirm with "yes".)

#....# ##...# ##.## ##.# ####
#### #.## .... #..# ##.# ....
#.## #.## .### #.# ##'## #.#
#.@.# ####.## #...# ###.....#
#)..# #.....(.# #####
#.......# #.......#####
#...........##
#............#################
#.............................


There were no monsters in sight!

Vanquished Creatures
  Crazy Yiuf (D:2)
  A gnoll (D:1)
  3 adders (D:2)
  2 oozes
  A worm (D:2)
  A giant cockroach (D:2)
  5 goblins
  3 hobgoblins
  7 jackals
  A ball python (D:1)
  9 bats
  3 frilled lizards
  6 kobolds
  5 rats
48 creatures vanquished.

Notes
Turn   | Place    | Note
-------+----------+-------------------------------------------
     0 | D:1      | shmeve the Minotaur Berserker began the quest for the Orb.
     0 | D:1      | Reached XP level 1. HP: 19/19 MP: 0/0
   271 | D:1      | Reached XP level 2. HP: 27/27 MP: 1/1
   403 | D:1      | Reached skill level 1 in Throwing
   751 | D:1      | Reached XP level 3. HP: 30/33 MP: 2/2
  1292 | D:2      | Reached ** piety under Trog
  1356 | D:2      | Reached XP level 4. HP: 23/40 MP: 3/3
  1647 | D:2      | Found a runed door.
  1651 | D:2      | Noticed Crazy Yiuf
  1656 | D:2      | Killed Crazy Yiuf
  1661 | D:2      | Quit the game

Skill      XL: |  1  2  3  4 |
---------------+-------------+-----
Fighting       | 4 |  4.5
Axes           | 4 |  4.5
Throwing       | 1 2 |  2.0
Armour         | 3 |  3.2
Dodging        | |  2.9

Action                   |  1- 3 |  4- 6 || total
-------------------------+-------+-------++-------
Melee: Hand axe          |    78 |    21 ||    99
       Headbutt          |     8 |     5 ||    13
Throw: Tomahawk          |     4 |       ||     4
Invok: Berserk           |     1 |     1 ||     2
  Eat: Chunk             |     3 |     1 ||     4
Armor: Animal skin       |    16 |       ||    16
       Plate armour      |     1 |    18 ||    19
Dodge: Dodged            |    82 |     7 ||    89
